 Dungeon Crawl Stone Soup version 0.28-a0-381-g937acc2988 (webtiles) character file.

Game seed: 2366671925435277519

3459 Serulin the Fighter (level 9, -12/84 HPs)
             Began as a Palentonga Fighter on Sept 1, 2021.
             Was a Believer of Okawaru.
             Killed by divine providence
             ... invoked by an orc priest
              (14 damage)
             ... on level 7 of the Dungeon on Sept 2, 2021.
             The game lasted 00:30:19 (8595 turns).

Serulin the Fighter (Palentonga Fighter)            Turns: 8595, Time: 00:30:20

Health: -12/84     AC: 21    Str: 24    XL:     9   Next: 78%
Magic:  9/9        EV:  6    Int:  8    God:    Okawaru [**....]
Gold:   338        SH:  5    Dex:  9    Spells: 8/8 levels left

rFire   . . .      SeeInvis +   g - +4 whip
rCold   . . .      Faith    .   c - +0 buckler
rNeg    . . .      Spirit   .   w - +0 plate armour
rPois   .          Reflect  .   v - +2 helmet
rElec   .          Harm     .   (no cloak)
rCorr   .          Rampage  .   (no gloves)
Will    .....                   (no barding)
Stlth   ..........              (no amulet)
HPRegen 0.24/turn               (no ring)
MPRegen 0.11/turn               (no ring)

@: curled up
A: large, rugged brown scales 3, see invisible, deformed body, roll 1, armoured
tail, reflexive curl
a: Rolling Charge, Renounce Religion, Heroism


You were on level 7 of the Dungeon.
You worshipped Okawaru.
Okawaru was pleased with you.
You visited 2 branches of the dungeon, and saw 8 of its levels.

You collected 338 gold pieces.

Inventory:

Hand Weapons
 a - a +0 war axe
 g - a +4 whip (weapon)
Missiles
 d - 4 poisoned darts
 f - 7 atropa-tipped darts
Armour
 b - a +0 scale mail
 c - a +0 buckler (worn)
 v - a +2 helmet (worn)
 w - a +0 plate armour (worn)
Wands
 u - a wand of digging (4)
Scrolls
 e - 3 scrolls of identify
 i - a scroll of enchant armour
 j - a scroll of blinking {unknown}
 l - a scroll of noise {unknown}
 m - 4 scrolls of vulnerability
 o - a scroll of amnesia {unknown}
 r - a scroll of brand weapon {unknown}
Potions
 h - 2 potions of flight {unknown}
 k - a potion of berserk rage {unknown}
 n - 2 potions of curing
 p - a potion of resistance {unknown}
 q - a potion of heal wounds
 s - a potion of cancellation {unknown}
 t - a potion of brilliance {unknown}


   Skills:
 + Level 10.3 Fighting
 - Level 2.0 Axes
 + Level 8.0 Armour
 + Level 6.4 Dodging
 + Level 7.1 Shields


You had 8 spell levels left.
You didn't know any spells.
Your spell library contained the following spells:

 Spells                   Type           Power      Damage    Failure   Level
 Corpse Rot               Necr/Air       N/A        N/A       100%        2
 Dispel Undead            Necr           0%         3d6       100%        4
 Death Channel            Necr           Unusable   N/A       N/A         6
 Malign Gateway           Summ/Tloc      Unusable   N/A       N/A         7
 Summon Horrible Things   Summ           Unusable   N/A       N/A         8

Dungeon Overview and Level Annotations

Branches:
Dungeon (7/15)             Temple (1/1) D:4

Altars:
Ashenzari
Cheibriados
Dithmenos
Elyvilon
Fedhas
Gozag
Hepliaklqana
Kikubaaqudgha
Makhleb
Nemelex Xobeh
Okawaru
Qazlal
Ru
Sif Muna
Trog
Uskayaw
Vehumet
Wu Jian
Xom
Yredelemnul
Zin
The Shining One

Shops:
D:3 =


Innate Abilities, Weirdness & Mutations

You are completely covered in rugged brown scales. (AC +3, +7% HP)
You have supernaturally acute eyesight. (SInv)
Armour fits poorly on your strangely shaped body.
You can roll at nearby foes to attack.
You have a long armoured tail.
You curl defensively after being hit.


Message History

The orc priest calls down the wrath of Beogh upon you.
Beogh smites you!
The orc warrior hits you with a +0 mace of distortion.
Space bends around you.
The orc wizard hits you but does no damage.
You hit the orc warrior. You tail-slap the orc warrior.
The orc warrior is lightly wounded.
The orc priest invokes the aid of Beogh against you.
Beogh smites you!
The orc warrior hits you with a +0 mace of distortion.
Space bends around you.
The orc wizard gestures at you while chanting.
The magic dart hits you but does no damage.
Okay, then.
You feel much better. You block the orc warrior's attack.
The orc wizard points at you and mumbles some strange words.
The puff of flame hits you.
You closely miss the orc wizard.
The orc warrior hits you but does no damage.
Space warps horribly around you!
The orc wizard hits you but does no damage.
You hit the orc wizard. You tail-slap the orc wizard!
The orc wizard is severely wounded.
An orc wizard comes into view. It is wielding a +0 dagger.
The orc warrior hits you with a +0 mace of distortion.
Space warps horribly around you!!
* * * LOW HITPOINT WARNING * * *
You whack the orc wizard!
You kill the orc wizard!
Okawaru accepts your kill.
The orc warrior hits you with a +0 mace of distortion!
* * * LOW HITPOINT WARNING * * *
Space bends around you.
* * * LOW HITPOINT WARNING * * *
You barely miss the orc.
The orc hits you with a +1 dagger of venom.
* * * LOW HITPOINT WARNING * * *
The orc priest calls down the wrath of Beogh upon you.
Beogh smites you!
You die...

... #####.#..)#.# #..
#....))># .. ###..)### #
oo #...# # #o #...# # #.
########...#######
###.###.................
#..ooooo................
#.#####@...............K
########...#####.# #...#
#.. #...# ### #...#
..... .#...


You could see an orc warrior, an orc priest, an orc wizard and 2 orcs.

Vanquished Creatures
  An unseen horror (D:7)
  A troll (D:7)
  Grinder (D:6)
  Prince Ribbit (D:5)
  A water moccasin (D:7)
  2 orc warriors (D:6)
  2 sky beasts (D:7)
  2 necrophages
  A black bear (D:5)
  An ice beast (D:5)
  An ogre (D:6)
  2 phantoms
  A kobold brigand (D:7)
  A scorpion (Temple)
  2 water moccasin skeletons
  A howler monkey (Temple)
  2 bullfrog zombies
  A centaur zombie (D:5)
  3 hounds
  A jelly (D:5)
  A gnoll shaman (D:4)
  An orc priest (D:4)
  3 iguanas
  3 orc wizards
  3 gnolls
  8 adders
  2 ufetubi
  2 adder skeletons (D:5)
  4 worms
  5 dart slugs
  18 orcs
  7 ball pythons
  5 bats
  11 endoplasms
  5 giant cockroaches
  9 hobgoblins
  11 kobolds
  3 quokkas
  5 frilled lizards
  4 goblins
  17 rats
155 creatures vanquished.

Notes
Turn   | Place    | Note
-------+----------+-------------------------------------------
     0 | D:1      | Serulin the Palentonga Fighter began the quest for the Orb.
     0 | D:1      | Reached XP level 1. HP: 19/19 MP: 1/1
   349 | D:1      | Reached XP level 2. HP: 25/25 MP: 2/2
  1127 | D:1      | Reached XP level 3. HP: 27/31 MP: 3/3
  2052 | D:2      | Reached XP level 4. HP: 37/37 MP: 4/4
  2134 | D:2      | Found a sacrificial altar of Ru.
  2140 | D:2      | Found a faded altar of an unknown god.
  2492 | D:3      | Found a hide-covered altar of Uskayaw.
  2757 | D:3      | Found Ceiph's Jewellery Emporium.
  3497 | D:4      | Reached skill level 1 in Dodging
  3531 | D:4      | Reached XP level 5. HP: 38/43 MP: 5/5
  3602 | D:4      | Noticed a phantom
  3664 | D:3      | Killed a phantom
  3665 | D:3      | Reached skill level 4 in Fighting
  3945 | D:3      | Reached skill level 8 in Fighting
  3945 | D:3      | Reached skill level 5 in Armour
  3945 | D:3      | Reached skill level 5 in Shields
  3945 | D:3      | Reached XP level 6. HP: 60/60 MP: 6/6
  3946 | D:3      | Reached skill level 9 in Fighting
  3946 | D:3      | Reached skill level 5 in Dodging
  3946 | D:3      | Gained mutation: You curl defensively after being hit.
                  | [Palentonga growth]
  3946 | D:3      | Reached XP level 7. HP: 69/69 MP: 7/7
  4086 | D:4      | Found a staircase to the Ecumenical Temple.
  4098 | Temple   | Entered the Ecumenical Temple
  4354 | Temple   | Reached XP level 8. HP: 77/77 MP: 8/8
  4787 | D:5      | Entered Level 5 of the Dungeon
  5158 | D:5      | Found an iron altar of Okawaru.
  5215 | D:5      | Reached skill level 10 in Fighting
  5247 | D:5      | Identified the +1 leather armour of a ziggurat {Rampage
                  | rElec rC- Int-3}
  5447 | D:5      | Became a worshipper of Warmaster Okawaru
  5816 | D:5      | Noticed Prince Ribbit
  5845 | D:5      | Killed Prince Ribbit
  5845 | D:5      | Reached * piety under Okawaru
  6244 | D:5      | Found a broken altar of Ashenzari.
  6244 | D:5      | Found a snail-covered altar of Cheibriados.
  6246 | D:5      | Found an opulent altar of Gozag.
  6608 | D:5      | Noticed a moth of wrath
  6612 | D:5      | Found a bloodstained altar of Trog.
  6839 | D:6      | Noticed Grinder
  6852 | D:6      | Killed Grinder
  6853 | D:6      | Reached XP level 9. HP: 66/83 MP: 9/9
  7995 | D:7      | Noticed an unseen horror
  8027 | D:7      | Killed an unseen horror
  8027 | D:7      | Reached ** piety under Okawaru
  8109 | D:7      | Noticed a troll
  8117 | D:7      | Killed a troll
  8594 | D:7      | HP: 4/84 [orc warrior (1)]
  8595 | D:7      | Killed from afar by an orc priest

Illustrated notes

Levels and vault maps discovered:
D:1:      wander_arrival_abandoned_jail, layout_basic
D:2:      layout_rooms, shapermc_ecumenical_altar_pompeii, basic_altar
D:3:      layout_basic, mainiacjoe_overflow_small_starburst, serial_shops,
          nicolae_shop_temple_entry_statues_fountains, grunt_ministairs_8,
          fountainhead
D:4:      layout_basic, minmay_temple_entry_waves
D:5:      layout_loops_corners, nicolae_overflow_hidden_temple, tgw_trog,
          okawaru_metal_pillars_1_2, uniq_prince_ribbit1
D:6:      layout_basic, uniq_grinder
D:7:      layout_loops_cross
Temple:   nicolae_temple_elliptical

Skill      XL: |  1  2  3  4  5  6  7  8  9 |
---------------+----------------------------+-----
Shields        | 3 5 6 7 |  7.1
Armour         | 3 5 6 7 8 |  8.0
Dodging        | 1 4 5 6 |  6.4
Fighting       | 8 9 10 | 10.3
Axes           | |  2.0

Action                   |  1- 3 |  4- 6 |  7- 9 || total
-------------------------+-------+-------+-------++-------
Melee: War axe           |   142 |    96 |    82 ||   320
       Tailslap          |     8 |    12 |    53 ||    73
       Whip              |       |       |   264 ||   264
  Use: Scroll            |       |     6 |       ||     6
       Potion            |       |     2 |     4 ||     6
Armor: Scale mail        |   113 |    58 |   103 ||   274
       Plate armour      |       |       |    80 ||    80
Dodge: Dodged            |    69 |    33 |   127 ||   229
Block: Buckler           |    37 |    24 |    75 ||   136

Table legend: (Time is in decaauts)
 A = Elapsed time spent in this place.
 B = Non-inter-level travel time spent in this place.
 C = Inter-level travel time spent in this place.
 D = Time resting spent in this place.
 E = Time spent auto-exploring this place.
 F = Levels seen in this place.
 G = Mean time per level.
                   A        B        C        D        E       F      G
               +--------+--------+--------+--------+--------+-----+--------+
         Total |   8745 |   8606 |    139 |   2072 |   4694 |   8 | 1093.1 |
       Dungeon |   8271 |   8132 |    139 |   1895 |   4632 |   7 | 1181.6 |
        Temple |    473 |    473 |      0 |    177 |     62 |   1 |  473.0 |
               +--------+--------+--------+--------+--------+-----+--------+

Top non-repeatable levels by time:
     D:5: 1845 daAuts
     D:1: 1712 daAuts
     D:3: 1221 daAuts
     D:6: 1089 daAuts
     D:4: 896 daAuts
     D:2: 819 daAuts
     D:7: 685 daAuts
  Temple: 473 daAuts
